 Dungeon Crawl Stone Soup version 0.29-a0-121-g8efb068a30 (webtiles) character file.

Game seed: 4386135713172463968

686 Gargoyl the Chopper (level 7, 0/44 HPs)
             Began as a Gargoyle Abyssal Knight on Feb 20, 2022.
             Was a Believer of Lugonu.
             Slain by a gnoll (1 damage)
             ... on level 5 of the Dungeon.
             The game lasted 00:05:28 (6141 turns).

Gargoyl the Chopper (Gargoyle Abyssal Knight)       Turns: 6141, Time: 00:05:28

Health: 0/44       AC: 18    Str: 18    XL:     7   Next: 62%
Magic:  8/8        EV: 10    Int: 15    God:    Lugonu [**....]
Gold:   94         SH:  4    Dex: 17    Spells: 6/6 levels left

rFire   . . .      SeeInvis +   a - +1 hand axe
rCold   . . .      Faith    .   k - +0 buckler
rNeg    + . .      Spirit   .   o - +3 scale mail of Vlad {Int+4 Dex+7}
rPois   ∞          Reflect  .   (no helmet)
rElec   +          Harm     .   (no cloak)
rCorr   .          Rampage  .   n - +2 pair of gloves
Will    .....                   (no boots)
Stlth   ..........              (no amulet)
HPRegen 0.14/turn               i - ring of see invisible
MPRegen 0.11/turn               (no ring)

@: no status effects
A: sickness immunity, AC +4, negative energy resistance 1, electricity
resistance, torment resistance 1, petrification resistance
a: Renounce Religion, Depart the Abyss, Bend Space


You were on level 5 of the Dungeon.
You worshipped Lugonu.
Lugonu was pleased with you.
You visited 1 branch of the dungeon, and saw 5 of its levels.
You visited the Abyss 1 time.

You collected 209 gold pieces.
You spent 115 gold pieces at shops.

Inventory:

Hand Weapons
 a - a +1 hand axe (weapon)
Armour
 k - a +0 buckler (worn)
 n - a +2 pair of gloves (worn)
 o - the +3 scale mail of Vlad (worn) {Int+4 Dex+7}
   (You found it on level 2 of the Dungeon)

   Int:       It affects your intelligence (+4).
   Dex:       It affects your dexterity (+7).
Jewellery
 c - an amulet of guardian spirit
 i - a ring of see invisible (left hand)
Wands
 j - a wand of iceblast (16)
Scrolls
 b - a scroll of blinking
 g - a scroll of vulnerability {unknown}
Potions
 d - a potion of brilliance {unknown}
 f - a potion of invisibility
 l - a potion of resistance {unknown}
 m - 2 potions of flight {unknown}


   Skills:
 + Level 4.5 Fighting
 + Level 5.4 Axes
 + Level 4.2 Armour
 + Level 2.1 Dodging
 + Level 0.9 Stealth
 + Level 1.5 Shields
 + Level 2.2 Invocations


You had 6 spell levels left.
You didn't know any spells.
Your spell library contained the following spells:

 Spells                   Type           Power      Damage    Failure   Level
 Sting                    Tmut/Pois      0%         1d3       73%         1
 Poisonous Vapours        Pois/Air       0%         N/A       86%         2
 Olgreb's Toxic Radiance  Pois           0%         N/A       100%        4


Dungeon Overview and Level Annotations

Branches:
Dungeon (5/15)             Temple (0/1) D:4

Altars:
Elyvilon
Makhleb

Shops:
D:2 *   D:4 *


Innate Abilities, Weirdness & Mutations

You are immune to sickness and miasma.
Your stone body is resilient. (AC +4)
You are immune to poison.
You resist negative energy. (rN+)
You are resistant to electric shocks. (rElec)
You are resistant to unholy torment.
You are immune to petrification.


Message History

You hit the gnoll sergeant but do no damage.
The gnoll sergeant is almost dead.
The gnoll sergeant hits you with a +1 trident of venom.
* * * LOW HITPOINT WARNING * * *
Unknown command.
You feel better.
The gnoll sergeant hits you but does no damage.
You hit the gnoll sergeant but do no damage.
The gnoll sergeant is almost dead.
The gnoll sergeant hits you but does no damage.
You hit the gnoll sergeant but do no damage.
The gnoll sergeant is almost dead.
The gnoll sergeant hits you but does no damage.
You barely miss the gnoll sergeant.
The gnoll sergeant is almost dead.
The gnoll sergeant hits you with a +1 trident of venom.
You hit the gnoll sergeant.
The gnoll sergeant is almost dead.
The gnoll sergeant hits you but does no damage.
You barely miss the gnoll sergeant.
The gnoll sergeant is almost dead.
The gnoll sergeant hits you with a +1 trident of venom.
You hit the gnoll sergeant but do no damage.
The gnoll sergeant is almost dead.
You block the gnoll sergeant's attack.
You hit the gnoll sergeant.
You kill the gnoll sergeant!
Lugonu accepts your kill.
Unknown command.
You barely miss the gnoll.
The gnoll hits you with a +2 whip of freezing.
* * * LOW HITPOINT WARNING * * *
The gnoll freezes you.
* * * LOW HITPOINT WARNING * * *
You slash the gnoll!
The gnoll is heavily wounded.
The gnoll hits you with a +2 whip of freezing.
* * * LOW HITPOINT WARNING * * *
The gnoll freezes you.
You die...

#.# #.# #.# #.#
######.############.#
#...##.#......@g).)(#
#...##.#.############
#...##..........
#...##.#########
###...##.# ...^.....#
###...#### #...#
#...#


You could see a gnoll.

Vanquished Creatures
  Edmund (D:4)
  A gnoll sergeant (D:5)
  A centaur zombie (D:5)
  A bullfrog zombie (D:5)
  2 jellies (D:5)
  A bullfrog skeleton (D:5)
  A hound (D:5)
  3 iguanas
  An orc wizard (D:3)
  Terence (D:2)
  A hound skeleton (D:4)
  4 gnolls (D:5)
  8 adders
  A shadow imp (D:5)
  A dart slug (D:3)
  7 orcs (D:3)
  5 ball pythons
  A bat (D:3)
  8 endoplasms
  A giant cockroach (D:2)
  3 goblins
  7 hobgoblins
  2 jackals (D:1)
  9 kobolds
  2 quokkas
  3 frilled lizards (D:1)
  8 rats
84 creatures vanquished.

Notes
Turn   | Place    | Note
-------+----------+-------------------------------------------
     0 | Abyss:1  | Gargoyl the Gargoyle Abyssal Knight began the quest for the
                  | Orb.
     0 | Abyss:1  | Reached XP level 1. HP: 14/14 MP: 2/2
   152 | Abyss:1  | Found a corrupted altar of Lugonu.
   170 | Abyss:1  | Noticed a vampire
   171 | D:1      | Escaped the Abyss
   364 | D:1      | Reached skill level 1 in Dodging
   469 | D:1      | Reached * piety under Lugonu
   472 | D:1      | Reached XP level 2. HP: 17/20 MP: 3/3
   702 | D:1      | Reached skill level 2 in Axes
   950 | D:1      | Found a faded altar of an unknown god.
  1254 | D:1      | Reached XP level 3. HP: 24/24 MP: 4/4
  2031 | D:2      | Noticed Terence
  2043 | D:2      | Killed Terence
  2044 | D:2      | Reached XP level 4. HP: 18/29 MP: 5/5
  2307 | D:2      | Found Ekouc's General Store.
  2375 | D:2      | Reached ** piety under Lugonu
  2705 | D:2      | Identified the +3 scale mail of Vlad {Int+4 Dex+7}
  3151 | D:3      | Reached skill level 3 in Axes
  3151 | D:3      | Reached XP level 5. HP: 27/33 MP: 6/6
  3931 | D:4      | Found Lyinta's Assorted Antiques.
  3939 | D:4      | Bought a silver ring for 115 gold pieces
  3975 | D:4      | Noticed Edmund
  4003 | D:4      | Killed Edmund
  4004 | D:4      | Reached skill level 4 in Axes
  4004 | D:4      | Reached XP level 6. HP: 9/39 MP: 7/7
  4342 | D:4      | Found a staircase to the Ecumenical Temple.
  4722 | D:4      | Found a burning altar of Makhleb.
  4731 | D:4      | Found a white marble altar of Elyvilon.
  4946 | D:5      | Entered Level 5 of the Dungeon
  4983 | D:5      | Reached skill level 1 in Shields
  5271 | D:5      | Reached XP level 7. HP: 15/44 MP: 8/8
  5576 | D:5      | Reached skill level 5 in Axes
  6141 | D:5      | HP: 1/44 [gnoll (6)]
  6141 | D:5      | Slain by a gnoll

Illustrated notes

Levels and vault maps discovered:
D:1:      ncdulo_watergridlock, layout_loops_corners,
          shapermc_ecumenical_altar_pompeii, serial_rivers,
          chequers_serial_rivers_room_b, chequers_serial_rivers_micro_c,
          chequers_serial_rivers_micro_b, chequers_serial_rivers_marsh,
          chequers_serial_rivers_large_a, chequers_serial_rivers_small_b
D:2:      layout_loops_corners, serial_shops, nicolae_shop_stone, uniq_terence
D:3:      layout_loops_corners
D:4:      layout_loops_ring, mainiacjoe_overflow_large_starburst,
          minmay_temple_entry_butterflies, minmay_crystal_water,
          chequers_serial_rivers_room_a, nicolae_stop_n_shop_2, uniq_edmund
D:5:      layout_basic

Skill      XL: |  1  2  3  4  5  6  7 |
---------------+----------------------+-----
Dodging        | 1 2 |  2.1
Axes           | 2 3 4 5 |  5.4
Fighting       | 4 |  4.5
Armour         | 3 4 |  4.2
Shields        | 1 |  1.5
Stealth        | |  0.9
Invocations    | |  2.2

Action                   |  1- 3 |  4- 6 |  7- 9 || total
-------------------------+-------+-------+-------++-------
Melee: Hand axe          |   107 |   175 |    66 ||   348
       Punch             |     1 |       |       ||     1
Throw: Javelin           |       |     1 |     4 ||     5
Invok: Depart the Abyss  |     1 |       |       ||     1
  Use: Scroll            |     2 |     9 |     1 ||    12
       Potion            |       |     2 |     2 ||     4
Armor: Leather armour    |    51 |       |       ||    51
       Scale mail        |       |    93 |    36 ||   129
Dodge: Dodged            |    64 |    73 |    43 ||   180
Block: Buckler           |       |    19 |    15 ||    34

Table legend: (Time is in decaauts)
 A = Elapsed time spent in this place.
 B = Non-inter-level travel time spent in this place.
 C = Inter-level travel time spent in this place.
 D = Time resting spent in this place.
 E = Time spent auto-exploring this place.
 F = Levels seen in this place.
 G = Mean time per level.
                   A        B        C        D        E       F      G
               +--------+--------+--------+--------+--------+-----+--------+
         Total |   6216 |   6126 |     90 |      0 |   5080 |   6 | 1036.0 |
       Dungeon |   6045 |   5955 |     90 |      0 |   4911 |   5 | 1209.0 |
         Abyss |    171 |    171 |      0 |      0 |    169 |   1 |  171.0 |
               +--------+--------+--------+--------+--------+-----+--------+

Top non-repeatable levels by time:
     D:1: 1475 daAuts
     D:2: 1255 daAuts
     D:5: 1207 daAuts
     D:3: 1060 daAuts
     D:4: 1047 daAuts
 Abyss:1: 171 daAuts
